Maple Leafs vs Kings

Created - 15 janvier 2021 at 12:06

Goals
1 2 3 OT1 T
Maple Leafs 2 1 0 0 3
Kings 1 0 2 1 4
Shots
1 2 3 OT1 T
Maple Leafs 16 9 16 2 43
Kings 10 10 10 4 34

1st period

1. Maple Leafs , Mike Hoffman 14 (Joe Pavelski 16, Petr Mrazek) at 2:39
2. Maple Leafs , Brandon Tanev 5 (Alex Iafallo 6, Jake Debrusk 7) at 2:51
3. Kings , Sean Kuraly 6 (Shea Weber 15) at 19:42

Penalties :
Carter Rowney (LAK) for Interference (Minor) at 3:54

2nd period

4. Maple Leafs , Mike Hoffman 15 (Nikolaj Ehlers 11, Petr Mrazek) at 8:11 (PP)

Penalties :
Luke Schenn (LAK) for Holding (Minor) at 7:59, Luke Schenn (LAK) for Interference (Minor) at 18:13

3rd period

5. Kings , Jamie Benn 8 (Alexander Radulov 12) at 13:04 (PP)
6. Kings , Alexander Radulov 9 (Shea Weber 16) at 16:07

Penalties :
Hampus Lindholm (TOR) for Holding (Minor) at 12:42

Overtime #1

7. Kings , Danny DeKeyser 1 (Tomas Hertl 16, Semyon Varlamov) at 4:21

Penalties :
No Penalty

Goalie Stats

Petr Mrazek (TOR), 30 saves from 34 shots - (0,882), OTL, 8-7-6, 64:21 minutes
Semyon Varlamov (LAK), 40 saves from 43 shots - (0,930), W, 14-4-2, 64:21 minutes

Players Stats for Maple Leafs

Player Name              G  A  P  +/- PIM S  H  SB GA TA FO     MP     PP MP  PK MP  
------------------------------------------------------------------------------------
Alex Iafallo             0  1  1   1  0   6  0  0  1  0  3/12   17:04   1:33   0:00 
Andrei Svechnikov        0  0  0  -1  0   4  2  3  1  0  2/5    23:26   2:21   0:00 
Ben Hutton               0  0  0  -1  0   2  4  2  0  2  0/0    17:51   0:00   0:00 
Blake Comeau             0  0  0   0  0   1  1  0  0  0  0/0     8:36   0:17   0:22 
Brandon Tanev            1  0  1   1  0   3  5  0  0  0  0/0    16:37   1:06   0:00 
Derek Ryan               0  0  0   0  0   2  0  0  0  1  3/5     8:28   0:00   0:22 
Dmitry Kulikov           0  0  0  -1  0   2  3  0  0  0  0/0    17:09   0:00   0:00 
Hampus Lindholm          0  0  0  -1  2   1  3  3  0  1  0/0    26:25   1:06   0:00 
Ilya Kovalchuk           0  0  0  -1  0   1  1  1  0  0  0/1    19:16   3:04   0:00 
Jake Debrusk             0  1  1   1  0   5  1  0  0  0  0/0    16:09   1:32   0:00 
Jesper Bratt             0  0  0   0  0   1  0  0  5  0  0/0     8:19   0:16   0:00 
Joe Pavelski             0  1  1   0  0   1  1  0  1  0  16/22  18:53   0:00   0:00 
Logan Couture            0  0  0  -1  0   0  2  0  0  0  7/11   15:16   1:32   0:00 
Mike Hoffman             2  0  2  -1  0   10 3  1  0  0  1/5    23:26   2:21   0:00 
Mikhail Sergachev        0  0  0   0  0   1  5  1  0  2  0/0    30:28   2:28   0:00 
Nikolaj Ehlers           0  1  1  -1  0   3  3  1  0  1  1/2    18:05   2:38   0:00 
Travis Dermott           0  0  0   1  0   0  0  0  0  0  0/0    13:18   0:00   0:22 
Troy Stecher             0  0  0   1  0   0  0  0  0  2  0/0    13:54   0:36   0:22 

Players Stats for Kings

Player Name              G  A  P  +/- PIM S  H  SB GA TA FO     MP     PP MP  PK MP  
------------------------------------------------------------------------------------
Alex Goligoski           0  0  0   1  0   2  3  1  0  0  0/0    25:41   0:22   1:44 
Alex Ovechkin            0  0  0   1  0   5  0  0  0  0  0/3    21:41   0:18   1:49 
Alexander Radulov        1  1  2   1  0   8  2  2  0  0  1/1    18:47   0:04   0:00 
Artem Anisimov           0  0  0   1  0   4  1  0  1  0  1/1    18:58   0:04   0:11 
Artemi Panarin           0  0  0   1  0   1  0  0  1  0  2/4    19:43   0:18   0:00 
Artturi Lehkonen         0  0  0  -1  0   2  2  2  2  0  0/0    13:18   0:00   0:51 
Carter Rowney            0  0  0  -1  2   5  1  0  3  0  0/0    14:03   0:00   1:19 
Danny DeKeyser           1  0  1   0  0   2  1  1  0  3  0/0    23:05   0:00   2:26 
Jamie Benn               1  0  1   1  0   2  1  1  2  0  8/16   19:44   0:04   0:00 
Jayson Megna             0  0  0   0  0   1  1  0  0  1  1/5     7:57   0:00   0:51 
Jonas Brodin             0  0  0  -1  0   0  1  1  0  0  0/0    22:52   0:00   2:26 
Luke Schenn              0  0  0   0  4   0  1  1  0  0  0/0    13:47   0:00   0:00 
Michael Del Zotto        0  0  0   0  0   0  2  0  0  0  0/0    13:29   0:00   0:00 
Nikolay Goldobin         0  0  0   0  0   1  0  0  0  0  0/1     7:06   0:00   0:00 
Sean Kuraly              1  0  1  -1  0   1  2  0  0  0  7/12   15:36   0:00   2:40 
Shea Weber               0  2  2   1  0   0  0  1  0  2  0/0    25:45   0:22   1:44 
Tage Thompson            0  0  0   0  0   0  2  0  0  1  0/0     7:06   0:00   0:00 
Tomas Hertl              0  1  1   0  0   0  2  3  0  1  10/20  20:12   0:18   0:39 

3 Stars

1 - Alexander Radulov (LAK)
2 - Mike Hoffman (TOR)
3 - Brandon Tanev (TOR)

Power Play

Maple Leafs - 1 on 3 Attempt(s) - 33,33%
Kings - 1 on 1 Attempt(s) - 100,00%

Penalty Kill

Maple Leafs - 0 on 1 Attempt(s) - 0,00% - Score 0 goal in Penalty Kill
Kings - 2 on 3 Attempt(s) - 66,67% - Score 0 goal in Penalty Kill

Team Stat

Maple Leafs - Hits : 34 - Faceoff Wins : 33 - Blocked Shots : 12 - Penalty Minutes : 2
Kings - Hits : 22 - Faceoff Wins : 30 - Blocked Shots : 13 - Penalty Minutes : 6

Official

Referees : Adam Bloski and Francois St-Laurent
Linesman : Jake Davis and Jaime Alary

Game Notes

No Game Note

Finance

Level 1 -- Attendance: 6000 (100,00%) -- Ticket Income 540 000 $
Level 2 -- Attendance: 5000 (100,00%) -- Ticket Income 250 000 $
Level 3 -- Attendance: 2000 (100,00%) -- Ticket Income 60 000 $
Level 4 -- Attendance: 4000 (100,00%) -- Ticket Income 40 000 $
Luxury Box -- Attendance: 1000 (100,00%) -- Ticket Income 160 000 $
Game was played at the Hollywood Garden.
Total Attendance: 18000 (100,00%)
Total Ticket Income: 1 050 000 $
Other Income: 514 500 $
Total Income: 1 564 500 $

Maple Leafs

5 vs 5 Forward 
   Center                   Left Wing                Right Wing               Time % Phy DF OF 
 1 Joe Pavelski             Andrei Svechnikov        Mike Hoffman             37     0   2  3  
 2 Logan Couture            Nikolaj Ehlers           Ilya Kovalchuk           28     0   2  3  
 3 Alex Iafallo             Jake Debrusk             Brandon Tanev            25     1   2  2  
 4 Derek Ryan               Blake Comeau             Jesper Bratt             10     1   4  0  

5 vs 5 Defense 
   Defense                  Defense                                           Time % Phy DF OF 
 1 Hampus Lindholm          Mikhail Sergachev                                 40     1   3  1  
 2 Dmitry Kulikov           Ben Hutton                                        30     1   4  0  
 3 Troy Stecher             Travis Dermott                                    20     0   5  0  
 4 Hampus Lindholm          Mikhail Sergachev                                 10     1   4  0  

PowerPlay Forward 
   Center                   Left Wing                Right Wing               Time % Phy DF OF 
 1 Andrei Svechnikov        Mike Hoffman             Nikolaj Ehlers           60     0   0  5  
 2 Alex Iafallo             Jake Debrusk             Logan Couture            40     0   0  5  

PowerPlay Defense
   Defense                  Defense                                           Time % Phy DF OF 
 1 Mikhail Sergachev        Ilya Kovalchuk                                    60     0   0  5  
 2 Brandon Tanev            Hampus Lindholm                                   40     0   0  5  

Penalty Kill 4 Players Forward 
   Center                   Wing                     Time % Phy DF OF 
 1 Derek Ryan               Blake Comeau             60     0   5  0  
 2 Joe Pavelski             Brandon Tanev            40     0   5  0  

Penalty Kill 4 Players Defense
   Defense                  Defense                  Time % Phy DF OF 
 1 Hampus Lindholm          Troy Stecher             60     0   5  0  
 2 Ben Hutton               Mikhail Sergachev        40     0   5  0  

Penalty Kill - 3 Players Forward 
   Forward                                           Time % Phy DF OF 
 1 Derek Ryan                                        60     0   5  0  
 2 Alex Iafallo                                      40     0   5  0  

Penalty Kill - 3 Players Defense
   Defense                  Defense                  Time % Phy DF OF 
 1 Mikhail Sergachev        Hampus Lindholm          60     0   4  1  
 2 Ben Hutton               Troy Stecher             40     0   5  0  

4 vs 4 Forward 
   Center                   Wing                     Time % Phy DF OF 
 1 Logan Couture            Ilya Kovalchuk           60     0   3  2  
 2 Alex Iafallo             Mike Hoffman             40     0   3  2  

4 vs 4 Defense
   Defense                  Defense                  Time % Phy DF OF 
 1 Hampus Lindholm          Mikhail Sergachev        60     0   1  4  
 2 Ben Hutton               Troy Stecher             40     0   4  1  

Last Minutes Offensive
   Center                   Left Wing                Right Wing               Defense                  Defense                  
   Alex Iafallo             Andrei Svechnikov        Mike Hoffman             Hampus Lindholm          Mikhail Sergachev        

Last Minutes Defensive
   Center                   Left Wing                Right Wing               Defense                  Defense                  
   Alex Iafallo             Andrei Svechnikov        Mike Hoffman             Hampus Lindholm          Mikhail Sergachev        

Goaltenders
Starting : Petr Mrazek              
Backup : Anders Nilsson           

Extra Forwards
Normal : Ilya Kovalchuk, Blake Comeau, Jake Debrusk - PP : Ilya Kovalchuk, Blake Comeau - PK : Jake Debrusk
Extra Defensemen
Normal : Troy Stecher, Travis Dermott, Ben Hutton - PP : Troy Stecher - PK : Travis Dermott, Ben Hutton
Penalty Shots
Logan Couture, Andrei Svechnikov, Ilya Kovalchuk, Mikhail Sergachev, Brandon Tanev
Custom OT Lines Forwards
Andrei Svechnikov, Mike Hoffman, Ilya Kovalchuk, Nikolaj Ehlers, Brandon Tanev, Alex Iafallo, Jake Debrusk, Derek Ryan, Blake Comeau, Logan Couture
Custom OT Lines Defensemen
Mikhail Sergachev, Hampus Lindholm, Ben Hutton, Travis Dermott, Troy Stecher

Scratches
Kaapo Kakko (Healthy), Mattias Janmark (Healthy), Oscar Fantenberg (Healthy)

Kings

5 vs 5 Forward 
   Center                   Left Wing                Right Wing               Time % Phy DF OF 
 1 Tomas Hertl              Alex Ovechkin            Artemi Panarin           38     1   2  2  
 2 Jamie Benn               Artem Anisimov           Alexander Radulov        33     1   2  2  
 3 Sean Kuraly              Artturi Lehkonen         Carter Rowney            20     1   2  2  
 4 Jayson Megna             Nikolay Goldobin         Tage Thompson            9      1   2  2  

5 vs 5 Defense 
   Defense                  Defense                                           Time % Phy DF OF 
 1 Shea Weber               Alex Goligoski                                    40     1   2  2  
 2 Jonas Brodin             Danny DeKeyser                                    35     1   2  2  
 3 Michael Del Zotto        Luke Schenn                                       25     1   2  2  
 4 Shea Weber               Alex Goligoski                                    0      1   2  2  

PowerPlay Forward 
   Center                   Left Wing                Right Wing               Time % Phy DF OF 
 1 Tomas Hertl              Alex Ovechkin            Artemi Panarin           60     0   1  4  
 2 Jamie Benn               Artem Anisimov           Alexander Radulov        40     0   1  4  

PowerPlay Defense
   Defense                  Defense                                           Time % Phy DF OF 
 1 Shea Weber               Alex Goligoski                                    60     1   3  1  
 2 Jonas Brodin             Michael Del Zotto                                 40     1   3  1  

Penalty Kill 4 Players Forward 
   Center                   Wing                     Time % Phy DF OF 
 1 Sean Kuraly              Carter Rowney            60     1   4  0  
 2 Jayson Megna             Artturi Lehkonen         40     1   4  0  

Penalty Kill 4 Players Defense
   Defense                  Defense                  Time % Phy DF OF 
 1 Jonas Brodin             Danny DeKeyser           60     1   4  0  
 2 Shea Weber               Alex Goligoski           40     1   4  0  

Penalty Kill - 3 Players Forward 
   Forward                                           Time % Phy DF OF 
 1 Tomas Hertl                                       60     1   4  0  
 2 Sean Kuraly                                       40     1   4  0  

Penalty Kill - 3 Players Defense
   Defense                  Defense                  Time % Phy DF OF 
 1 Shea Weber               Alex Goligoski           60     1   4  0  
 2 Jonas Brodin             Danny DeKeyser           40     1   4  0  

4 vs 4 Forward 
   Center                   Wing                     Time % Phy DF OF 
 1 Tomas Hertl              Alex Ovechkin            60     1   2  2  
 2 Jamie Benn               Artemi Panarin           40     1   2  2  

4 vs 4 Defense
   Defense                  Defense                  Time % Phy DF OF 
 1 Shea Weber               Alex Goligoski           60     1   2  2  
 2 Jonas Brodin             Danny DeKeyser           40     1   2  2  

Last Minutes Offensive
   Center                   Left Wing                Right Wing               Defense                  Defense                  
   Tomas Hertl              Alex Ovechkin            Artemi Panarin           Shea Weber               Alex Goligoski           

Last Minutes Defensive
   Center                   Left Wing                Right Wing               Defense                  Defense                  
   Tomas Hertl              Alex Ovechkin            Artemi Panarin           Shea Weber               Alex Goligoski           

Goaltenders
Starting : Semyon Varlamov          
Backup : Devan Dubnyk             

Extra Forwards
Normal : Artturi Lehkonen, Sean Kuraly, Carter Rowney - PP : Artturi Lehkonen, Sean Kuraly - PK : Carter Rowney
Extra Defensemen
Normal : Michael Del Zotto, Luke Schenn, Jonas Brodin - PP : Michael Del Zotto - PK : Luke Schenn, Jonas Brodin
Penalty Shots
Alex Ovechkin, Artemi Panarin, Tomas Hertl, Jamie Benn, Alexander Radulov
Custom OT Lines Forwards
Alex Ovechkin, Artemi Panarin, Tomas Hertl, Jamie Benn, Alexander Radulov, Artem Anisimov, Artturi Lehkonen, Sean Kuraly, Carter Rowney, Jayson Megna
Custom OT Lines Defensemen
Shea Weber, Alex Goligoski, Jonas Brodin, Danny DeKeyser, Michael Del Zotto

Scratches
None


% Time on Ice - Maple Leafs

Lines # - Real PCT - Wanted PCT - Time Play
Normal Forward
1 - 35% - 37% - 19:25
2 - 25% - 28% - 13:44
3 - 26% - 25% - 14:22
4 - 14% - 10% - 7:57
Normal Defense
1 - 39% - 40% - 21:43
2 - 31% - 30% - 17:09
3 - 23% - 20% - 12:56
4 - 7% - 10% - 3:40
PP Forward
1 - 63% - 60% - 2:38
2 - 37% - 40% - 1:32
PP Defense
1 - 74% - 60% - 3:04
2 - 26% - 40% - 1:06
PK Forward
1 - 100% - 60% - 0:22
2 - 0% - 40% - 0:00
PK Defense
1 - 100% - 60% - 0:22
2 - 0% - 40% - 0:00
PK3 Forward
1 - 0% - 60%
2 - 0% - 40%
PK3 Defense
1 - 0% - 60%
2 - 0% - 40%
44 Forward
1 - 0% - 60%
2 - 0% - 40%
44 Defense
1 - 0% - 60%
2 - 0% - 40%
Last Minute Offensive  - 0:00
Last Minute Defensive  - 0:00
Total
Forward - 60:00
Defense - 60:00

% Time on Ice - Kings

Lines # - Real PCT - Wanted PCT - Time Play
Normal Forward
1 - 33% - 38% - 18:05
2 - 33% - 33% - 18:19
3 - 22% - 20% - 11:58
4 - 13% - 9% - 7:06
Normal Defense
1 - 41% - 40% - 22:49
2 - 35% - 35% - 19:10
3 - 24% - 25% - 13:29
4 - 0% - 0% - 0:00
PP Forward
1 - 82% - 60% - 0:18
2 - 18% - 40% - 0:04
PP Defense
1 - 100% - 60% - 0:22
2 - 0% - 40% - 0:00
PK Forward
1 - 80% - 60% - 3:19
2 - 20% - 40% - 0:51
PK Defense
1 - 58% - 60% - 2:26
2 - 42% - 40% - 1:44
PK3 Forward
1 - 0% - 60%
2 - 0% - 40%
PK3 Defense
1 - 0% - 60%
2 - 0% - 40%
44 Forward
1 - 0% - 60%
2 - 0% - 40%
44 Defense
1 - 0% - 60%
2 - 0% - 40%
Last Minute Offensive  - 0:00
Last Minute Defensive  - 0:00
Total
Forward - 60:00
Defense - 60:00

Play-by-Play

1st period


0:01 of 1st period - Joe Pavelski wins face-off versus Alex Ovechkin in neutral zone.
0:06 of 1st period - Slapshot by Mike Hoffman.
0:06 of 1st period - Shot Blocked by Tomas Hertl.
0:08 of 1st period - Slapshot by Hampus Lindholm.
0:08 of 1st period - Shot Misses the Net.
0:10 of 1st period - Slapshot by Hampus Lindholm.
0:10 of 1st period - Stopped by Semyon Varlamov with a rebound.
0:16 of 1st period - Wrist shot by Andrei Svechnikov.
0:16 of 1st period - Stopped by Semyon Varlamov without a rebound.
0:17 of 1st period - Logan Couture wins face-off versus Jamie Benn in Kings zone.
0:18 of 1st period - Snap shot by Nikolaj Ehlers.
0:18 of 1st period - Shot Misses the Net.
0:20 of 1st period - Slapshot by Ben Hutton.
0:20 of 1st period - Deflect By Nikolaj Ehlers.
0:20 of 1st period - Stopped by Semyon Varlamov without a rebound.
0:21 of 1st period - Jamie Benn wins face-off versus Nikolaj Ehlers in Kings zone.
0:21 of 1st period - Jamie Benn is hit by Logan Couture.
0:34 of 1st period - Danny DeKeyser is hit by Ben Hutton and loses puck.
1:30 of 1st period - Snap shot by Mike Hoffman.
1:30 of 1st period - Stopped by Semyon Varlamov without a rebound.
1:31 of 1st period - Derek Ryan wins face-off versus Jayson Megna in Kings zone.
1:56 of 1st period - Artem Anisimov is hit by Logan Couture and loses puck.
2:21 of 1st period - Snap shot by Alex Ovechkin.
2:21 of 1st period - Stopped by Petr Mrazek with a rebound.
2:39 of 1st period - Snap shot by Mike Hoffman.
2:39 of 1st period - Goal by Mike Hoffman - Maple Leafs : 1 - Kings : 0.
2:40 of 1st period - Alex Iafallo wins face-off versus Sean Kuraly in neutral zone.
2:45 of 1st period - Slapshot by Jake Debrusk.
2:45 of 1st period - Shot Misses the Net.
2:47 of 1st period - Snap shot by Alex Iafallo.
2:47 of 1st period - Stopped by Semyon Varlamov with a rebound.
2:49 of 1st period - Wrist shot by Brandon Tanev.
2:49 of 1st period - Shot Misses the Net.
2:51 of 1st period - Snap shot by Brandon Tanev.
2:51 of 1st period - Goal by Brandon Tanev - Maple Leafs : 2 - Kings : 0.
2:52 of 1st period - Alexander Radulov wins face-off versus Logan Couture in neutral zone.
3:04 of 1st period - Snap shot by Nikolaj Ehlers.
3:04 of 1st period - Stopped by Semyon Varlamov without a rebound.
3:05 of 1st period - Tomas Hertl wins face-off versus Alex Iafallo in Kings zone.
3:05 of 1st period - Tomas Hertl is hit by Brandon Tanev.
3:32 of 1st period - Hampus Lindholm is hit by Artturi Lehkonen and loses puck.
3:49 of 1st period - Snap shot by Alex Iafallo.
3:49 of 1st period - Shot Blocked by Artturi Lehkonen.
3:54 of 1st period - Minor Penalty to Carter Rowney for Interference.
3:55 of 1st period - Andrei Svechnikov wins face-off versus Sean Kuraly in Kings zone.
4:05 of 1st period - Snap shot by Mike Hoffman.
4:05 of 1st period - Deflect By Andrei Svechnikov.
4:05 of 1st period - Shot Misses the Net.
4:05 of 1st period - Puck is out of play.
4:06 of 1st period - Andrei Svechnikov wins face-off versus Sean Kuraly in Kings zone.
4:13 of 1st period - Snap shot by Andrei Svechnikov.
4:13 of 1st period - Stopped by Semyon Varlamov without a rebound.
4:14 of 1st period - Sean Kuraly wins face-off versus Andrei Svechnikov in Kings zone.
4:14 of 1st period - Sean Kuraly is hit by Nikolaj Ehlers.
4:30 of 1st period - Wrist shot by Mike Hoffman.
4:30 of 1st period - Stopped by Semyon Varlamov with a rebound.
5:11 of 1st period - Wrist shot by Nikolaj Ehlers.
5:11 of 1st period - Stopped by Semyon Varlamov without a rebound.
5:12 of 1st period - Logan Couture wins face-off versus Jayson Megna in Kings zone.
5:53 of 1st period - Andrei Svechnikov is hit by Sean Kuraly and loses puck.
5:54 of 1st period - Penalty to Carter Rowney is over, Carter Rowney is back on ice.
6:02 of 1st period - Slapshot by Carter Rowney.
6:02 of 1st period - Stopped by Petr Mrazek without a rebound.
6:03 of 1st period - Derek Ryan wins face-off versus Jamie Benn in Maple Leafs zone.
6:03 of 1st period - Derek Ryan is hit by Michael Del Zotto.
6:09 of 1st period - Wrist shot by Derek Ryan.
6:09 of 1st period - Deflect By Blake Comeau.
6:09 of 1st period - Shot Misses the Net.
6:09 of 1st period - Puck is out of play.
6:10 of 1st period - Jamie Benn wins face-off versus Derek Ryan in Kings zone.
6:41 of 1st period - Slapshot by Alex Ovechkin.
6:41 of 1st period - Shot Misses the Net.
6:43 of 1st period - Wrist shot by Alex Ovechkin.
6:43 of 1st period - Stopped by Petr Mrazek without a rebound.
6:44 of 1st period - Jamie Benn wins face-off versus Joe Pavelski in Maple Leafs zone.
6:47 of 1st period - Snap shot by Alexander Radulov.
6:47 of 1st period - Stopped by Petr Mrazek with a rebound.
6:49 of 1st period - Slapshot by Danny DeKeyser.
6:49 of 1st period - Shot Misses the Net.
6:51 of 1st period - Wrist shot by Artem Anisimov.
6:51 of 1st period - Stopped by Petr Mrazek without a rebound.
6:52 of 1st period - Joe Pavelski wins face-off versus Jamie Benn in Maple Leafs zone.
7:31 of 1st period - Wrist shot by Alexander Radulov.
7:31 of 1st period - Shot Blocked by Hampus Lindholm.
7:43 of 1st period - Wrist shot by Jamie Benn.
7:43 of 1st period - Shot Blocked by Hampus Lindholm.
7:45 of 1st period - Snap shot by Jonas Brodin.
7:45 of 1st period - Shot Blocked by Mike Hoffman.
7:47 of 1st period - Snap shot by Danny DeKeyser.
7:47 of 1st period - Stopped by Petr Mrazek with a rebound.
7:49 of 1st period - Wrist shot by Alexander Radulov.
7:49 of 1st period - Deflect By Artem Anisimov.
7:49 of 1st period - Shot Misses the Net.
7:49 of 1st period - Puck is out of play.
7:50 of 1st period - Logan Couture wins face-off versus Artemi Panarin in Maple Leafs zone.
8:37 of 1st period - Shea Weber is hit by Ben Hutton and loses puck.
8:50 of 1st period - Blake Comeau is hit by Tage Thompson and loses puck.
9:32 of 1st period - Wrist shot by Alex Iafallo.
9:32 of 1st period - Stopped by Semyon Varlamov without a rebound.
9:33 of 1st period - Alex Iafallo wins face-off versus Jamie Benn in Kings zone.
9:40 of 1st period - Alex Iafallo is hit by Danny DeKeyser and loses puck.
11:11 of 1st period - Alex Goligoski is hit by Brandon Tanev and loses puck.
11:20 of 1st period - Slapshot by Alexander Radulov.
11:20 of 1st period - Shot Misses the Net.
12:07 of 1st period - Wrist shot by Artemi Panarin.
12:07 of 1st period - Shot Misses the Net.
12:09 of 1st period - Snap shot by Alexander Radulov.
12:09 of 1st period - Shot Blocked by Ben Hutton.
12:11 of 1st period - Snap shot by Artem Anisimov.
12:11 of 1st period - Stopped by Petr Mrazek without a rebound.
12:12 of 1st period - Jamie Benn wins face-off versus Logan Couture in Maple Leafs zone.
12:39 of 1st period - Artem Anisimov is hit by Mike Hoffman and loses puck.
12:50 of 1st period - Slapshot by Artem Anisimov.
12:50 of 1st period - Stopped by Petr Mrazek with a rebound.
13:05 of 1st period - Artem Anisimov is hit by Brandon Tanev.
13:09 of 1st period - Wrist shot by Jamie Benn.
13:09 of 1st period - Shot Blocked by Hampus Lindholm.
13:17 of 1st period - Wrist shot by Jesper Bratt.
13:17 of 1st period - Shot Blocked by Luke Schenn.
13:19 of 1st period - Snap shot by Hampus Lindholm.
13:19 of 1st period - Shot Blocked by Alexander Radulov.
14:43 of 1st period - Icing by Alex Ovechkin.
14:44 of 1st period - Tomas Hertl wins face-off versus Mike Hoffman in Kings zone.
15:25 of 1st period - Snap shot by Carter Rowney.
15:25 of 1st period - Stopped by Petr Mrazek without a rebound.
15:26 of 1st period - Joe Pavelski wins face-off versus Sean Kuraly in Maple Leafs zone.
15:35 of 1st period - Wrist shot by Mike Hoffman.
15:35 of 1st period - Shot Misses the Net.
15:53 of 1st period - Alex Ovechkin is hit by Mikhail Sergachev and loses puck.
16:08 of 1st period - Alex Ovechkin is hit by Ben Hutton and loses puck.
16:15 of 1st period - Alex Ovechkin is hit by Dmitry Kulikov and loses puck.
16:35 of 1st period - Wrist shot by Alex Iafallo.
16:35 of 1st period - Stopped by Semyon Varlamov without a rebound.
16:36 of 1st period - Joe Pavelski wins face-off versus Jamie Benn in Kings zone.
16:37 of 1st period - Snap shot by Mike Hoffman.
16:37 of 1st period - Shot Misses the Net.
16:39 of 1st period - Slapshot by Joe Pavelski.
16:39 of 1st period - Stopped by Semyon Varlamov without a rebound.
16:40 of 1st period - Artem Anisimov wins face-off versus Joe Pavelski in Kings zone.
17:07 of 1st period - Snap shot by Sean Kuraly.
17:07 of 1st period - Shot Misses the Net.
17:52 of 1st period - Jake Debrusk is hit by Tage Thompson and loses puck.
18:09 of 1st period - Luke Schenn is hit by Mike Hoffman and loses puck.
18:14 of 1st period - Slapshot by Mike Hoffman.
18:14 of 1st period - Stopped by Semyon Varlamov with a rebound.
18:16 of 1st period - Wrist shot by Andrei Svechnikov.
18:16 of 1st period - Shot Misses the Net.
18:18 of 1st period - Snap shot by Joe Pavelski.
18:18 of 1st period - Shot Misses the Net.
18:20 of 1st period - Wrist shot by Mike Hoffman.
18:20 of 1st period - Stopped by Semyon Varlamov without a rebound.
18:21 of 1st period - Logan Couture wins face-off versus Tomas Hertl in Kings zone.
18:47 of 1st period - Off-side.
18:48 of 1st period - Jamie Benn wins face-off versus Alex Iafallo in neutral zone.
19:27 of 1st period - Shea Weber is hit by Andrei Svechnikov and loses puck.
19:42 of 1st period - Snap shot by Sean Kuraly.
19:42 of 1st period - Goal by Sean Kuraly - Maple Leafs : 2 - Kings : 1.
19:43 of 1st period - Tomas Hertl wins face-off versus Mike Hoffman in neutral zone.
Goals for this period are 2 for Maple Leafs vs 1 for Kings.
Shots for this period are 16 for Maple Leafs vs 10 for Kings.

2nd period


0:01 of 2nd period - Joe Pavelski wins face-off versus Alex Ovechkin in neutral zone.
0:26 of 2nd period - Ilya Kovalchuk is hit by Artturi Lehkonen and loses puck.
0:31 of 2nd period - Snap shot by Carter Rowney.
0:31 of 2nd period - Stopped by Petr Mrazek with a rebound.
0:33 of 2nd period - Snap shot by Alex Goligoski.
0:33 of 2nd period - Stopped by Petr Mrazek without a rebound.
0:34 of 2nd period - Jamie Benn wins face-off versus Logan Couture in Maple Leafs zone.
0:43 of 2nd period - Wrist shot by Nikolaj Ehlers.
0:43 of 2nd period - Shot Misses the Net.
0:45 of 2nd period - Slapshot by Dmitry Kulikov.
0:45 of 2nd period - Stopped by Semyon Varlamov with a rebound.
1:43 of 2nd period - Luke Schenn is hit by Mikhail Sergachev and loses puck.
2:30 of 2nd period - Snap shot by Logan Couture.
2:30 of 2nd period - Shot Blocked by Danny DeKeyser.
2:32 of 2nd period - Backhand shot by Nikolaj Ehlers.
2:32 of 2nd period - Shot Misses the Net.
3:10 of 2nd period - Wrist shot by Alexander Radulov.
3:10 of 2nd period - Stopped by Petr Mrazek with a rebound.
3:30 of 2nd period - Nikolay Goldobin is hit by Ilya Kovalchuk and loses puck.
3:57 of 2nd period - Luke Schenn is hit by Joe Pavelski and loses puck.
4:18 of 2nd period - Shea Weber is hit by Mikhail Sergachev and loses puck.
4:31 of 2nd period - Travis Dermott is hit by Alexander Radulov and loses puck.
4:47 of 2nd period - Travis Dermott is hit by Luke Schenn and loses puck.
5:07 of 2nd period - Jonas Brodin is hit by Hampus Lindholm and loses puck.
5:41 of 2nd period - Snap shot by Artemi Panarin.
5:41 of 2nd period - Shot Blocked by Ben Hutton.
5:43 of 2nd period - Slapshot by Danny DeKeyser.
5:43 of 2nd period - Deflect By Alex Ovechkin.
5:43 of 2nd period - Stopped by Petr Mrazek without a rebound.
5:44 of 2nd period - Logan Couture wins face-off versus Jamie Benn in Maple Leafs zone.
5:53 of 2nd period - Snap shot by Logan Couture.
5:53 of 2nd period - Shot Misses the Net.
5:59 of 2nd period - Snap shot by Alexander Radulov.
5:59 of 2nd period - Stopped by Petr Mrazek with a rebound.
6:33 of 2nd period - Danny DeKeyser is hit by Brandon Tanev and loses puck.
7:25 of 2nd period - Snap shot by Nikolay Goldobin.
7:25 of 2nd period - Stopped by Petr Mrazek with a rebound.
7:59 of 2nd period - Minor Penalty to Luke Schenn for Holding.
8:00 of 2nd period - Sean Kuraly wins face-off versus Andrei Svechnikov in Kings zone.
8:11 of 2nd period - Slapshot by Mike Hoffman.
8:11 of 2nd period - Goal by Mike Hoffman - Maple Leafs : 3 - Kings : 1.
8:12 of 2nd period - Joe Pavelski wins face-off versus Tomas Hertl in neutral zone.
8:14 of 2nd period - Andrei Svechnikov is hit by Tomas Hertl and loses puck.
9:06 of 2nd period - Snap shot by Jake Debrusk.
9:06 of 2nd period - Stopped by Semyon Varlamov with a rebound.
9:08 of 2nd period - Wrist shot by Brandon Tanev.
9:08 of 2nd period - Shot Misses the Net.
9:10 of 2nd period - Backhand shot by Dmitry Kulikov.
9:10 of 2nd period - Shot Blocked by Artturi Lehkonen.
9:12 of 2nd period - Wrist shot by Jake Debrusk.
9:12 of 2nd period - Stopped by Semyon Varlamov without a rebound.
9:13 of 2nd period - Joe Pavelski wins face-off versus Alex Ovechkin in Kings zone.
9:18 of 2nd period - Snap shot by Mike Hoffman.
9:18 of 2nd period - Stopped by Semyon Varlamov with a rebound.
9:38 of 2nd period - Travis Dermott is hit by Alexander Radulov and loses puck.
10:21 of 2nd period - Hampus Lindholm is hit by Jayson Megna and loses puck.
10:27 of 2nd period - Off-side.
10:28 of 2nd period - Jayson Megna wins face-off versus Joe Pavelski in neutral zone.
10:31 of 2nd period - Snap shot by Nikolay Goldobin.
10:31 of 2nd period - Shot Blocked by Andrei Svechnikov.
10:53 of 2nd period - Mikhail Sergachev is hit by Michael Del Zotto and loses puck.
11:26 of 2nd period - Snap shot by Artturi Lehkonen.
11:26 of 2nd period - Stopped by Petr Mrazek with a rebound.
11:40 of 2nd period - Snap shot by Alexander Radulov.
11:40 of 2nd period - Stopped by Petr Mrazek without a rebound.
11:41 of 2nd period - Joe Pavelski wins face-off versus Jamie Benn in Maple Leafs zone.
12:34 of 2nd period - Off-side.
12:35 of 2nd period - Joe Pavelski wins face-off versus Jamie Benn in neutral zone.
12:48 of 2nd period - Snap shot by Andrei Svechnikov.
12:48 of 2nd period - Shot Blocked by Jamie Benn.
12:50 of 2nd period - Snap shot by Andrei Svechnikov.
12:50 of 2nd period - Stopped by Semyon Varlamov with a rebound.
13:08 of 2nd period - Snap shot by Artem Anisimov.
13:08 of 2nd period - Shot Misses the Net.
13:10 of 2nd period - Snap shot by Artem Anisimov.
13:10 of 2nd period - Stopped by Petr Mrazek without a rebound.
13:11 of 2nd period - Tomas Hertl wins face-off versus Joe Pavelski in Maple Leafs zone.
13:18 of 2nd period - Snap shot by Artemi Panarin.
13:18 of 2nd period - Shot Misses the Net.
13:38 of 2nd period - Ilya Kovalchuk is hit by Sean Kuraly and loses puck.
13:57 of 2nd period - Snap shot by Nikolay Goldobin.
13:57 of 2nd period - Shot Misses the Net.
15:10 of 2nd period - Travis Dermott is hit by Alex Goligoski and loses puck.
15:43 of 2nd period - Snap shot by Ilya Kovalchuk.
15:43 of 2nd period - Stopped by Semyon Varlamov with a rebound.
15:58 of 2nd period - Jonas Brodin is hit by Ben Hutton.
16:05 of 2nd period - Icing by Tomas Hertl.
16:06 of 2nd period - Alex Iafallo wins face-off versus Tomas Hertl in Kings zone.
16:21 of 2nd period - Snap shot by Jake Debrusk.
16:21 of 2nd period - Shot Hit the Post.
16:43 of 2nd period - Snap shot by Derek Ryan.
16:43 of 2nd period - Deflect By Blake Comeau.
16:43 of 2nd period - Stopped by Semyon Varlamov with a rebound.
16:45 of 2nd period - Slapshot by Ben Hutton.
16:45 of 2nd period - Stopped by Semyon Varlamov with a rebound.
17:45 of 2nd period - Snap shot by Carter Rowney.
17:45 of 2nd period - Stopped by Petr Mrazek with a rebound.
17:47 of 2nd period - Backhand shot by Sean Kuraly.
17:47 of 2nd period - Shot Misses the Net.
18:13 of 2nd period - Minor Penalty to Luke Schenn for Interference.
18:14 of 2nd period - Sean Kuraly wins face-off versus Alex Iafallo in Kings zone.
18:45 of 2nd period - Alex Goligoski is hit by Nikolaj Ehlers and loses puck.
19:38 of 2nd period - Danny DeKeyser is hit by Blake Comeau and loses puck.
Goals for this period are 1 for Maple Leafs vs 0 for Kings.
Shots for this period are 9 for Maple Leafs vs 10 for Kings.

3rd period


0:01 of 3rd period - Nikolaj Ehlers wins face-off versus Sean Kuraly in neutral zone.
0:04 of 3rd period - Danny DeKeyser is hit by Andrei Svechnikov.
0:10 of 3rd period - Wrist shot by Sean Kuraly.
0:10 of 3rd period - Deflect By Mike Hoffman.
0:10 of 3rd period - Shot Blocked by Andrei Svechnikov.
0:10 of 3rd period - Puck is out of play.
0:11 of 3rd period - Sean Kuraly wins face-off versus Andrei Svechnikov in Maple Leafs zone.
0:13 of 3rd period - Penalty to Luke Schenn is over, Luke Schenn is back on ice.
0:24 of 3rd period - Snap shot by Mike Hoffman.
0:24 of 3rd period - Shot Blocked by Jonas Brodin.
1:08 of 3rd period - Snap shot by Derek Ryan.
1:08 of 3rd period - Stopped by Semyon Varlamov without a rebound.
1:09 of 3rd period - Joe Pavelski wins face-off versus Tomas Hertl in Kings zone.
1:18 of 3rd period - Snap shot by Mike Hoffman.
1:18 of 3rd period - Shot Blocked by Tomas Hertl.
1:20 of 3rd period - Slapshot by Ben Hutton.
1:20 of 3rd period - Stopped by Semyon Varlamov with a rebound.
1:22 of 3rd period - Slapshot by Dmitry Kulikov.
1:22 of 3rd period - Stopped by Semyon Varlamov with a rebound.
1:34 of 3rd period - Brandon Tanev is hit by Alex Goligoski and loses puck.
1:40 of 3rd period - Ben Hutton is hit by Artem Anisimov and loses puck.
3:02 of 3rd period - Snap shot by Jake Debrusk.
3:02 of 3rd period - Stopped by Semyon Varlamov without a rebound.
3:03 of 3rd period - Jamie Benn wins face-off versus Alex Iafallo in Kings zone.
3:10 of 3rd period - Snap shot by Alex Iafallo.
3:10 of 3rd period - Shot Misses the Net.
3:12 of 3rd period - Slapshot by Ben Hutton.
3:12 of 3rd period - Shot Hit the Post.
3:14 of 3rd period - Slapshot by Dmitry Kulikov.
3:14 of 3rd period - Deflect By Alex Iafallo.
3:14 of 3rd period - Stopped by Semyon Varlamov without a rebound.
3:15 of 3rd period - Tomas Hertl wins face-off versus Joe Pavelski in Kings zone.
4:24 of 3rd period - Snap shot by Jesper Bratt.
4:24 of 3rd period - Deflect By Derek Ryan.
4:24 of 3rd period - Stopped by Semyon Varlamov without a rebound.
4:25 of 3rd period - Joe Pavelski wins face-off versus Jayson Megna in Kings zone.
4:26 of 3rd period - Wrist shot by Mike Hoffman.
4:26 of 3rd period - Shot Misses the Net.
4:28 of 3rd period - Wrist shot by Mike Hoffman.
4:28 of 3rd period - Stopped by Semyon Varlamov with a rebound.
4:51 of 3rd period - Snap shot by Jayson Megna.
4:51 of 3rd period - Stopped by Petr Mrazek without a rebound.
4:52 of 3rd period - Tomas Hertl wins face-off versus Logan Couture in Maple Leafs zone.
4:55 of 3rd period - Snap shot by Alex Ovechkin.
4:55 of 3rd period - Stopped by Petr Mrazek with a rebound.
4:57 of 3rd period - Slapshot by Artemi Panarin.
4:57 of 3rd period - Shot Misses the Net.
4:59 of 3rd period - Wrist shot by Artemi Panarin.
4:59 of 3rd period - Shot Misses the Net.
5:01 of 3rd period - Slapshot by Michael Del Zotto.
5:01 of 3rd period - Shot Misses the Net.
5:19 of 3rd period - Luke Schenn is hit by Dmitry Kulikov and loses puck.
5:46 of 3rd period - Snap shot by Jesper Bratt.
5:46 of 3rd period - Stopped by Semyon Varlamov with a rebound.
6:09 of 3rd period - Artem Anisimov is hit by Jake Debrusk and loses puck.
6:22 of 3rd period - Snap shot by Mike Hoffman.
6:22 of 3rd period - Stopped by Semyon Varlamov with a rebound.
6:42 of 3rd period - Snap shot by Alexander Radulov.
6:42 of 3rd period - Shot Misses the Net.
6:44 of 3rd period - Snap shot by Artem Anisimov.
6:44 of 3rd period - Shot Misses the Net.
7:56 of 3rd period - Snap shot by Jamie Benn.
7:56 of 3rd period - Shot Misses the Net.
8:10 of 3rd period - Snap shot by Alex Goligoski.
8:10 of 3rd period - Stopped by Petr Mrazek without a rebound.
8:11 of 3rd period - Logan Couture wins face-off versus Tomas Hertl in Maple Leafs zone.
8:38 of 3rd period - Jonas Brodin is hit by Mikhail Sergachev and loses puck.
9:19 of 3rd period - Off-side.
9:20 of 3rd period - Logan Couture wins face-off versus Tomas Hertl in neutral zone.
10:16 of 3rd period - Wrist shot by Jake Debrusk.
10:16 of 3rd period - Stopped by Semyon Varlamov without a rebound.
10:17 of 3rd period - Sean Kuraly wins face-off versus Alex Iafallo in Kings zone.
10:22 of 3rd period - Alex Iafallo is hit by Carter Rowney and loses puck.
10:51 of 3rd period - Backhand shot by Jake Debrusk.
10:51 of 3rd period - Deflect By Brandon Tanev.
10:51 of 3rd period - Stopped by Semyon Varlamov without a rebound.
10:52 of 3rd period - Joe Pavelski wins face-off versus Jayson Megna in Kings zone.
10:53 of 3rd period - Snap shot by Mike Hoffman.
10:53 of 3rd period - Stopped by Semyon Varlamov without a rebound.
10:54 of 3rd period - Joe Pavelski wins face-off versus Nikolay Goldobin in Kings zone.
11:40 of 3rd period - Wrist shot by Alex Iafallo.
11:40 of 3rd period - Stopped by Semyon Varlamov without a rebound.
11:41 of 3rd period - Sean Kuraly wins face-off versus Alex Iafallo in Kings zone.
11:48 of 3rd period - Artturi Lehkonen is hit by Mikhail Sergachev and loses puck.
11:57 of 3rd period - Wrist shot by Artturi Lehkonen.
11:57 of 3rd period - Stopped by Petr Mrazek without a rebound.
11:58 of 3rd period - Joe Pavelski wins face-off versus Tomas Hertl in Maple Leafs zone.
12:13 of 3rd period - Slapshot by Andrei Svechnikov.
12:13 of 3rd period - Stopped by Semyon Varlamov with a rebound.
12:23 of 3rd period - Nikolaj Ehlers is hit by Jamie Benn and loses puck.
12:28 of 3rd period - Wrist shot by Jamie Benn.
12:28 of 3rd period - Shot Blocked by Ilya Kovalchuk.
12:30 of 3rd period - Slapshot by Alexander Radulov.
12:30 of 3rd period - Stopped by Petr Mrazek with a rebound.
12:42 of 3rd period - Minor Penalty to Hampus Lindholm for Holding.
12:43 of 3rd period - Derek Ryan wins face-off versus Tomas Hertl in Maple Leafs zone.
12:58 of 3rd period - Snap shot by Artemi Panarin.
12:58 of 3rd period - Shot Misses the Net.
13:00 of 3rd period - Slapshot by Shea Weber.
13:00 of 3rd period - Deflect By Artemi Panarin.
13:00 of 3rd period - Stopped by Petr Mrazek without a rebound.
13:01 of 3rd period - Jamie Benn wins face-off versus Derek Ryan in Maple Leafs zone.
13:04 of 3rd period - Wrist shot by Jamie Benn.
13:04 of 3rd period - Goal by Jamie Benn - Maple Leafs : 3 - Kings : 2.
13:05 of 3rd period - Joe Pavelski wins face-off versus Tomas Hertl in neutral zone.
13:32 of 3rd period - Jamie Benn is hit by Hampus Lindholm and loses puck.
13:39 of 3rd period - Nikolaj Ehlers is hit by Alex Goligoski and loses puck.
13:59 of 3rd period - Slapshot by Jonas Brodin.
13:59 of 3rd period - Deflect By Sean Kuraly.
13:59 of 3rd period - Shot Misses the Net.
13:59 of 3rd period - Puck is out of play.
14:00 of 3rd period - Joe Pavelski wins face-off versus Tomas Hertl in Maple Leafs zone.
14:00 of 3rd period - Joe Pavelski is hit by Tomas Hertl.
14:26 of 3rd period - Logan Couture is hit by Jonas Brodin and loses puck.
15:15 of 3rd period - Icing by Alex Goligoski.
15:16 of 3rd period - Sean Kuraly wins face-off versus Alex Iafallo in Kings zone.
15:26 of 3rd period - Snap shot by Brandon Tanev.
15:26 of 3rd period - Shot Blocked by Shea Weber.
15:28 of 3rd period - Snap shot by Alex Iafallo.
15:28 of 3rd period - Shot Misses the Net.
15:30 of 3rd period - Wrist shot by Jake Debrusk.
15:30 of 3rd period - Stopped by Semyon Varlamov without a rebound.
15:31 of 3rd period - Tomas Hertl wins face-off versus Joe Pavelski in Kings zone.
16:05 of 3rd period - Snap shot by Alexander Radulov.
16:05 of 3rd period - Stopped by Petr Mrazek with a rebound.
16:07 of 3rd period - Wrist shot by Alexander Radulov.
16:07 of 3rd period - Goal by Alexander Radulov - Maple Leafs : 3 - Kings : 3.
16:08 of 3rd period - Tomas Hertl wins face-off versus Alex Iafallo in neutral zone.
17:06 of 3rd period - Off-side.
17:07 of 3rd period - Tomas Hertl wins face-off versus Alex Iafallo in neutral zone.
17:41 of 3rd period - Snap shot by Carter Rowney.
17:41 of 3rd period - Stopped by Petr Mrazek with a rebound.
17:55 of 3rd period - Slapshot by Alexander Radulov.
17:55 of 3rd period - Shot Misses the Net.
18:01 of 3rd period - Alexander Radulov is hit by Dmitry Kulikov.
18:07 of 3rd period - Wrist shot by Ilya Kovalchuk.
18:07 of 3rd period - Shot Blocked by Alexander Radulov.
18:50 of 3rd period - Alex Goligoski is hit by Hampus Lindholm.
19:04 of 3rd period - Alex Goligoski is hit by Brandon Tanev and loses puck.
19:09 of 3rd period - Wrist shot by Alex Iafallo.
19:09 of 3rd period - Stopped by Semyon Varlamov with a rebound.
19:11 of 3rd period - Slapshot by Hampus Lindholm.
19:11 of 3rd period - Shot Misses the Net.
Goals for this period are 0 for Maple Leafs vs 2 for Kings.
Shots for this period are 16 for Maple Leafs vs 10 for Kings.

Overtime #1


0:01 of 1st overtime period - Mike Hoffman wins face-off versus Artemi Panarin in neutral zone.
0:04 of 1st overtime period - Snap shot by Mike Hoffman.
0:04 of 1st overtime period - Deflect By Andrei Svechnikov.
0:04 of 1st overtime period - Shot Misses the Net.
0:04 of 1st overtime period - Puck is out of play.
0:05 of 1st overtime period - Artemi Panarin wins face-off versus Mike Hoffman in Kings zone.
0:20 of 1st overtime period - Snap shot by Alex Ovechkin.
0:20 of 1st overtime period - Stopped by Petr Mrazek without a rebound.
0:21 of 1st overtime period - Artemi Panarin wins face-off versus Mike Hoffman in Maple Leafs zone.
0:30 of 1st overtime period - Wrist shot by Alex Ovechkin.
0:30 of 1st overtime period - Shot Blocked by Andrei Svechnikov.
0:32 of 1st overtime period - Slapshot by Shea Weber.
0:32 of 1st overtime period - Shot Blocked by Mikhail Sergachev.
1:34 of 1st overtime period - Slapshot by Alex Iafallo.
1:34 of 1st overtime period - Shot Misses the Net.
1:36 of 1st overtime period - Wrist shot by Brandon Tanev.
1:36 of 1st overtime period - Shot Blocked by Alex Goligoski.
1:38 of 1st overtime period - Backhand shot by Brandon Tanev.
1:38 of 1st overtime period - Stopped by Semyon Varlamov with a rebound.
1:40 of 1st overtime period - Snap shot by Ben Hutton.
1:40 of 1st overtime period - Shot Misses the Net.
1:54 of 1st overtime period - Snap shot by Jamie Benn.
1:54 of 1st overtime period - Stopped by Petr Mrazek with a rebound.
2:06 of 1st overtime period - Snap shot by Alexander Radulov.
2:06 of 1st overtime period - Stopped by Petr Mrazek with a rebound.
2:28 of 1st overtime period - Shea Weber is hit by Nikolaj Ehlers and loses puck.
3:15 of 1st overtime period - Snap shot by Tomas Hertl.
3:15 of 1st overtime period - Deflect By Jamie Benn.
3:15 of 1st overtime period - Shot Blocked by Nikolaj Ehlers.
3:15 of 1st overtime period - Puck is out of play.
3:16 of 1st overtime period - Tomas Hertl wins face-off versus Ilya Kovalchuk in Maple Leafs zone.
3:41 of 1st overtime period - Alex Ovechkin is hit by Mike Hoffman.
4:09 of 1st overtime period - Wrist shot by Mikhail Sergachev.
4:09 of 1st overtime period - Stopped by Semyon Varlamov with a rebound.
4:11 of 1st overtime period - Slapshot by Mikhail Sergachev.
4:11 of 1st overtime period - Shot Blocked by Tomas Hertl.
4:21 of 1st overtime period - Slapshot by Danny DeKeyser.
4:21 of 1st overtime period - Goal by Danny DeKeyser - Maple Leafs : 3 - Kings : 4.
Goals for this period are 0 for Maple Leafs vs 1 for Kings.
Shots for this period are 2 for Maple Leafs vs 4 for Kings.